SR
ORLANDO MAGIC @ ATHLETIC CLUB KC U-21
09/02/2032
 
TOP OF THE 1ST
Orlando Magic batting - Pitching for Athletic Club KC U-21 : LHP Francisco González
Pitching: LHP Francisco González
Batting: SHB Soren Loen 0-0: Ball
1-0: Called Strike
1-1: Ball
2-1: Called Strike
2-2: Ground out 4-3 (Groundball, 4M)
Batting: SHB Max Bortenschlager 0-0: Ball
1-0: Ball
2-0: SINGLE (Groundball, 34D)
Batting: SHB Manny López 0-0: Ball
1-0: Foul Ball, location: 2F
1-1: Ball
2-1: Fly out, F8 (Flyball, 8LD)
Batting: LHB Ewan Manshert 0-0: Ball
1-0: Ball
2-0: Foul Ball, location: 2F
2-1: Fly out, F7 (Flyball, 7D)
Top of the 1st over - 0 runs, 1 hit, 0 errors, 1 left on base; Orlando 0 - Athletic Club KC 0
BOTTOM OF THE 1ST
Athletic Club KC U-21 batting - Pitching for Orlando Magic : LHP Masamichi Nakagawa
Pitching: LHP Masamichi Nakagawa
Batting: RHB Woody Thomas 0-0: Called Strike
0-1: Ball
1-1: Swinging Strike
1-2: Strikes out looking
Batting: RHB Travis Murphy 0-0: Ground out U3 (Groundball, 34)
Batting: RHB Andy Roarick 0-0: Ball
1-0: Called Strike
1-1: Hit by Pitch
Batting: LHB León Guillén 0-0: Ball
1-0: Ball
2-0: Called Strike
2-1: Ball
3-1: Ground out 4-3 (Groundball, 4)
Bottom of the 1st over - 0 runs, 0 hits, 0 errors, 1 left on base; Orlando 0 - Athletic Club KC 0
TOP OF THE 2ND
Orlando Magic batting - Pitching for Athletic Club KC U-21 : LHP Francisco González
Batting: RHB Héctor Dávila 0-0: Ball
1-0: Foul Ball, location: 2F
1-1: Ball
2-1: Ground out 4-3 (Groundball, 4)
Batting: RHB Adrián Xirau 0-0: Called Strike
0-1: Swinging Strike
0-2: Ball
1-2: Strikes out swinging
Batting: RHB Jesús Ríos 0-0: Called Strike
0-1: Ball
1-1: Foul Ball, location: 2F
1-2: Ball
2-2: Strikes out swinging
Top of the 2nd over - 0 runs, 0 hits, 0 errors, 0 left on base; Orlando 0 - Athletic Club KC 0
BOTTOM OF THE 2ND
Athletic Club KC U-21 batting - Pitching for Orlando Magic : LHP Masamichi Nakagawa
Batting: RHB Domingo Zamora 0-0: Ball
1-0: Called Strike
1-1: Ball
2-1: Swinging Strike
2-2: SINGLE (Groundball, 6D)
Batting: RHB Elias Klomp 0-0: Fly out, F9 (Flyball, 9)
Batting: LHB Armando Romero 0-0: Ball
1-0: Called Strike
1-1: Ground out 5-3 (Groundball, 56S)
Domingo Zamora to second
Batting: RHB Rodrigo Sousa 0-0: Ground out 5-3 (Groundball, 5S)
Bottom of the 2nd over - 0 runs, 1 hit, 0 errors, 1 left on base; Orlando 0 - Athletic Club KC 0
TOP OF THE 3RD
Orlando Magic batting - Pitching for Athletic Club KC U-21 : LHP Francisco González
Batting: LHB Jimmy Wilcox 0-0: Called Strike
0-1: Swinging Strike
0-2: Ball
1-2: Ball
2-2: Foul Ball, location: 2F
2-2: Foul Ball, location: 2F
2-2: Strikes out looking
Batting: RHB Ángel Castro 0-0: SINGLE (Groundball, 6MD)
Batting: SHB Soren Loen 0-0: Called Strike
0-1: Foul Ball, location: 2F
0-2: Fly out, F6 (Line Drive, 6)
Batting: SHB Max Bortenschlager 0-0: Called Strike
0-1: Ball
1-1: Swinging Strike
1-2: Ball
2-2: Strikes out swinging
Top of the 3rd over - 0 runs, 1 hit, 0 errors, 1 left on base; Orlando 0 - Athletic Club KC 0
BOTTOM OF THE 3RD
Athletic Club KC U-21 batting - Pitching for Orlando Magic : LHP Masamichi Nakagawa
Batting: RHB Miguel Gómez 0-0: Ground out 6-3 (Groundball, 6)
Batting: RHB Woody Thomas 0-0: Ball
1-0: Fly out, F8 (Flyball, 8LD)
Batting: RHB Travis Murphy 0-0: Ball
1-0: Called Strike
1-1: Foul Ball, location: 2F
1-2: Strikes out swinging
Bottom of the 3rd over - 0 runs, 0 hits, 0 errors, 0 left on base; Orlando 0 - Athletic Club KC 0
TOP OF THE 4TH
Orlando Magic batting - Pitching for Athletic Club KC U-21 : LHP Francisco González
Batting: SHB Manny López 0-0: Called Strike
0-1: SINGLE (Groundball, 56S) (infield hit)
Batting: LHB Ewan Manshert 0-0: Ball
1-0: Ball
2-0: Swinging Strike
2-1: Swinging Strike
2-2: Strikes out swinging
Batting: RHB Héctor Dávila 0-0: Called Strike
0-1: Swinging Strike
0-2: Foul Ball, location: 2F
0-2: Ball
1-2: Ball
2-2: Ball
3-2: Strikes out swinging
Batting: RHB Adrián Xirau 0-0: Called Strike
0-1: Foul Ball, location: 2F
0-2: Ball
1-2: Ball
2-2: Foul Ball, location: 2F
2-2: Strikes out swinging
Top of the 4th over - 0 runs, 1 hit, 0 errors, 1 left on base; Orlando 0 - Athletic Club KC 0
BOTTOM OF THE 4TH
Athletic Club KC U-21 batting - Pitching for Orlando Magic : LHP Masamichi Nakagawa
Batting: RHB Andy Roarick 0-0: Foul Ball, location: 2F
0-1: Called Strike
0-2: Ball
1-2: Ball
2-2: Ball
3-2: Base on Balls
Batting: LHB León Guillén 0-0: Foul Ball, location: 2F
0-1: Called Strike
0-2: SINGLE (Line Drive, 34)
Andy Roarick to second
Batting: RHB Domingo Zamora 0-0: Reached on error, E3 (Groundball, 3)
Andy Roarick to third
León Guillén to second
Batting: RHB Elias Klomp 0-0: DOUBLE (Flyball, 8LD)
Andy Roarick scores
León Guillén scores
Domingo Zamora to third
Batting: LHB Armando Romero 0-0: Ground out 5-3 (Groundball, 56)
Domingo Zamora scores
Now at 3B: J.J. Holmes
Batting: RHB Rodrigo Sousa 0-0: Ground out 4-3 (Groundball, 4)
Elias Klomp to third
Batting: RHB Miguel Gómez 0-0: Ball
1-0: Ball
2-0: Foul Ball, location: 2F
2-1: Fly out, F9 (Flyball, 89S)
Bottom of the 4th over - 3 runs, 2 hits, 1 error, 1 left on base; Orlando 0 - Athletic Club KC 3
TOP OF THE 5TH
Orlando Magic batting - Pitching for Athletic Club KC U-21 : LHP Francisco González
Batting: RHB Jesús Ríos 0-0: Swinging Strike
0-1: Called Strike
0-2: Ball
1-2: Ball
2-2: DOUBLE (Line Drive, 9)
Batting: LHB Jimmy Wilcox 0-0: Called Strike
0-1: Ball
1-1: Foul Ball, location: 2F
1-2: Strikes out swinging
Batting: RHB J.J. Holmes 0-0: Fly out, F6 (Popup, 6)
Batting: SHB Soren Loen 0-0: Ball
1-0: Ball
2-0: Called Strike
2-1: Ground out 5-3 (Groundball, 56S)
Top of the 5th over - 0 runs, 1 hit, 0 errors, 1 left on base; Orlando 0 - Athletic Club KC 3
BOTTOM OF THE 5TH
Athletic Club KC U-21 batting - Pitching for Orlando Magic : LHP Masamichi Nakagawa
Batting: RHB Woody Thomas 0-0: Swinging Strike
0-1: Ball
1-1: Ball
2-1: Called Strike
2-2: Foul Ball, location: 2F
2-2: Strikes out swinging
Batting: RHB Travis Murphy 0-0: Ball
1-0: Ball
2-0: Ball
3-0: Base on Balls
Batting: RHB Andy Roarick 0-0: Called Strike
0-1: Ball
1-1: Grounds into double play, 6-4-3 (Groundball, 6)
Bottom of the 5th over - 0 runs, 0 hits, 0 errors, 0 left on base; Orlando 0 - Athletic Club KC 3
TOP OF THE 6TH
Orlando Magic batting - Pitching for Athletic Club KC U-21 : LHP Francisco González
Batting: SHB Max Bortenschlager 0-0: SINGLE (Flyball, 9S)
Batting: SHB Manny López 0-0: SINGLE (Groundball, 6MD)
Max Bortenschlager to second
Batting: LHB Ewan Manshert 0-0: Hit by Pitch
Max Bortenschlager to third
Manny López to second
Batting: RHB Héctor Dávila 0-0: Ball
1-0: Swinging Strike
1-1: Ball
2-1: Called Strike
2-2: Ball
3-2: Strikes out swinging
Batting: RHB Adrián Xirau 0-0: Ball
1-0: Swinging Strike
1-1: Ball
2-1: Foul Ball, location: 2F
2-2: Grounds into double play, 6-4-3 (Groundball, 6)
Top of the 6th over - 0 runs, 2 hits, 0 errors, 2 left on base; Orlando 0 - Athletic Club KC 3
BOTTOM OF THE 6TH
Athletic Club KC U-21 batting - Pitching for Orlando Magic : LHP Masamichi Nakagawa
Batting: LHB León Guillén 0-0: Ball
1-0: Ball
2-0: Hit by Pitch
Pinch Runner at 1st Leen van den Bosch:
Batting: RHB Domingo Zamora 0-0: Ball
1-0: Swinging Strike
1-1: Ball
2-1: Grounds into double play, 5-4-3 (Groundball, 5)
Batting: RHB Elias Klomp 0-0: Ball
1-0: Foul Ball, location: 2F
1-1: Called Strike
1-2: Ball
2-2: Fly out, F3 (Popup, 3SF)
Bottom of the 6th over - 0 runs, 0 hits, 0 errors, 0 left on base; Orlando 0 - Athletic Club KC 3
TOP OF THE 7TH
Orlando Magic batting - Pitching for Athletic Club KC U-21 : LHP Francisco González
Pitching: RHP Ewan Gotobed
Now in CF: Leen van den Bosch
Batting: RHB Jesús Ríos 0-0: Ball
1-0: Ball
2-0: Called Strike
2-1: Called Strike
2-2: Strikes out swinging
Batting: LHB Jimmy Wilcox 0-0: Ball
1-0: Called Strike
1-1: Swinging Strike
1-2: Strikes out looking
Batting: RHB J.J. Holmes 0-0: Called Strike
0-1: Ball
1-1: Called Strike
1-2: Fly out, F7 (Flyball, 7S)
Top of the 7th over - 0 runs, 0 hits, 0 errors, 0 left on base; Orlando 0 - Athletic Club KC 3
BOTTOM OF THE 7TH
Athletic Club KC U-21 batting - Pitching for Orlando Magic : LHP Masamichi Nakagawa
Batting: LHB Armando Romero 0-0: Ground out 4-3 (Groundball, 4)
Batting: RHB Rodrigo Sousa 0-0: Called Strike
0-1: Ground out 1-3 (Groundball, P)
Batting: RHB Miguel Gómez 0-0: Fly out, F8 (Flyball, 8RM)
Bottom of the 7th over - 0 runs, 0 hits, 0 errors, 0 left on base; Orlando 0 - Athletic Club KC 3
TOP OF THE 8TH
Orlando Magic batting - Pitching for Athletic Club KC U-21 : RHP Ewan Gotobed
Batting: SHB Soren Loen 0-0: Ball
1-0: Ball
2-0: Foul Ball, location: 2F
2-1: Ball
3-1: Called Strike
3-2: Ground out U3 (Groundball, 34)
Batting: SHB Max Bortenschlager 0-0: Ground out 3-1 (Groundball, 34S)
Batting: SHB Manny López 0-0: Ball
1-0: Ball
2-0: Called Strike
2-1: Ball
3-1: SINGLE (Line Drive, 4D)
Batting: LHB Ewan Manshert 0-0: Called Strike
0-1: Ball
1-1: Swinging Strike
1-2: Ball
2-2: Strikes out looking
Top of the 8th over - 0 runs, 1 hit, 0 errors, 1 left on base; Orlando 0 - Athletic Club KC 3
BOTTOM OF THE 8TH
Athletic Club KC U-21 batting - Pitching for Orlando Magic : LHP Masamichi Nakagawa
Batting: RHB Woody Thomas 0-0: Fly out, F9 (Flyball, 9LD)
Batting: RHB Travis Murphy 0-0: Called Strike
0-1: Called Strike
0-2: Strikes out looking
Batting: RHB Andy Roarick 0-0: Ball
1-0: Called Strike
1-1: Foul Ball, location: 2F
1-2: Fly out, F9 (Flyball, 9LS)
Bottom of the 8th over - 0 runs, 0 hits, 0 errors, 0 left on base; Orlando 0 - Athletic Club KC 3
TOP OF THE 9TH
Orlando Magic batting - Pitching for Athletic Club KC U-21 : RHP Ewan Gotobed
Batting: RHB Héctor Dávila 0-0: Called Strike
0-1: Ball
1-1: Swinging Strike
1-2: Ball
2-2: Ball
3-2: Ground out 4-3 (Groundball, 4S)
Batting: RHB Adrián Xirau 0-0: Foul Ball, location: 2F
0-1: Ball
1-1: Called Strike
1-2: Reached on error, E3 (Groundball, 34)
Batting: RHB Jesús Ríos 0-0: SINGLE (Groundball, 56D)
Adrián Xirau to second
Batting: LHB Jimmy Wilcox 0-0: Fly out, F7 (Line Drive, 78D)
Batting: RHB J.J. Holmes 0-0: Swinging Strike
0-1: Called Strike
0-2: Ball
1-2: SINGLE (Groundball, 56D)
Adrián Xirau to third
Jesús Ríos to second
Batting: SHB Soren Loen 0-0: Ball
1-0: Fly out, F6 (Popup, 6)
Top of the 9th over - 0 runs, 2 hits, 1 error, 3 left on base; Orlando 0 - Athletic Club KC 3
Wednesday, September 19th, 2018 - OOTP Baseball 18.8 Build 76